 Dungeon Crawl Stone Soup version 0.26-a0-642-g67e99244d3 (webtiles) character file.

Game seed: 16168509502492682472

4 Descartes the Sneak (level 1, -2/7 HPs)
             Began as a Felid Wanderer on Sept 22, 2020.
             Slain by a hobgoblin
             ... wielding a +0 club
              (6 damage)
             ... on level 1 of the Dungeon.
             The game lasted 00:00:31 (41 turns).

Descartes the Sneak (Felid Wanderer)                  Turns: 41, Time: 00:00:32

Health: -2/7       AC:  1    Str:  7    XL:     1   Next: 58%
Magic:  3/3        EV: 15    Int: 12    God:
Gold:   0          SH:  0    Dex: 17    Spells: 1/2 levels left
                                        Lives:  0   Deaths: 0

rFire    . . .     SeeInvis +     - Unarmed
rCold    . . .     Faith    .   (shield unavailable)
rNeg     . . .     Spirit   .   (armour unavailable)
rPois    .         Reflect  .   (helmet unavailable)
rElec    .         Harm     .   (cloak unavailable)
rCorr    .         Rampage  .   (gloves unavailable)
MR       .....                  (boots unavailable)
Stlth    +++.......             (no amulet)
HPRegen  0.02/turn              (no ring)
MPRegen  0.08/turn              (no ring)

@: quick
A: very small, no armour, no weapons or thrown items, stealth, claws 1, fangs 3,
see invisible, speed 1, shaggy fur 1, sharp paws
a: no special abilities


You were on level 1 of the Dungeon.
You visited 1 branch of the dungeon, and saw 1 of its levels.

Inventory:

Scrolls
 a - a scroll of blinking
Potions
 c - 2 potions of curing


   Skills:
 + Level 3.4 Stealth
 - Level 3.0 Unarmed Combat
 - Level 1.0 Spellcasting
   Level 3.0 Summonings
   Level 1.0 Necromancy


You had one spell level left.
You knew the following spells:

 Your Spells              Type           Power        Failure   Level
a - Shock                 Conj/Air       #...         30%         1

Your spell library contained the following spells:

 Spells                   Type           Power        Failure   Level
 Mephitic Cloud           Conj/Pois/Air  #.......     65%         3


Dungeon Overview and Level Annotations

Branches:
Dungeon (1/15)

Altars:


Innate Abilities, Weirdness & Mutations

You cannot wear armour.
You are incapable of wielding weapons or throwing items.
Your paws allow you to move quietly. (Stealth)
You have sharp claws.
You have razor-sharp teeth.
You have supernaturally acute eyesight. (SInv)
You cover ground quickly.
You are covered in fur. (AC +1)
Your sharp claws are effective at attacking unaware monsters.


Message History

No target in view!
A hobgoblin comes into view. It is wielding a +0 club.
A dart slug comes into view.
You see here 13 gold pieces. 2 jackals and a hobgoblin come into view.
Found a plate armour.
A jackal and a giant cockroach come into view.
The hobgoblin shouts!
The jackal barks!
The dart slug launches a dart at you. The slug dart hits you.
A jackal comes into view.
The jackal barks!
You hear a shout!
A rat comes into view.
The jackal barely misses you.
You barely miss the jackal.
The jackal bites you but does no damage.
The jackal barely misses you. The hobgoblin hits you with a +0 club.
Ouch! That really hurt!
You die...

#.........
#.........
..........
#..hh..[.. ...
###.s.......
.^..####..........#
#..[.......ghh......
............@g......
>....?.........w....
.>...............r..
....................
.........$..........
##..†.............
#............#...
#.#...†......#...
#.#..............


You could see a dart slug, 4 jackals, a giant cockroach, 2 hobgoblins and a rat.

Vanquished Creatures
  A dart slug (D:1)
  A goblin (D:1)
  A frilled lizard (D:1)
3 creatures vanquished.

Notes
Turn   | Place    | Note
-------+----------+-------------------------------------------
     0 | D:1      | Descartes the Felid Wanderer began the quest for the Orb.
     0 | D:1      | Descartes set off with the following items: a scroll of
                  | blinking, a potion of curing; and the following spell
                  | memorised: Shock; and the following spells available to
                  | memorise: Mephitic Cloud
     0 | D:1      | Reached XP level 1. HP: 7/7 MP: 3/3
    41 | D:1      | Slain by a hobgoblin

Illustrated notes

Levels and vault maps discovered:
D:1:      noname_arrival_rooms_in_the_neighbourhood, layout_rooms

Skill      XL: |  1 |
---------------+----+-----
Stealth        | 3 |  3.4
Unarmed Combat | |  3.0
Spellcasting   | |  1.0
Summonings     | |  3.0
Necromancy     | |  1.0

Action                   || total
-------------------------++-------
Melee: Unarmed           ||     8
       Bite              ||     2
Armor: Skin              ||     2
Dodge: Dodged            ||     5

Table legend: (Time is in decaauts)
 A = Elapsed time spent in this place.
 B = Non-inter-level travel time spent in this place.
 C = Inter-level travel time spent in this place.
 D = Time resting spent in this place.
 E = Time spent auto-exploring this place.
 F = Levels seen in this place.
 G = Mean time per level.
                   A        B        C        D        E       F      G
               +--------+--------+--------+--------+--------+-----+--------+
         Total |     34 |     34 |      0 |      0 |     15 |   1 |   34.0 |
       Dungeon |     34 |     34 |      0 |      0 |     15 |   1 |   34.0 |
               +--------+--------+--------+--------+--------+-----+--------+

Top non-repeatable levels by time:
     D:1: 34 daAuts
